 Dungeon Sprint DCSS version 0.23-a0-705-g0e654d2 (webtiles) character file.

743 TheOrbIsALie the Destroyer (level 7, 0/36 HPs)
             Began as a Gargoyle Earth Elementalist on Jan 14, 2019.
             Slain by a hippogriff (8 damage)
             ... in the Dungeon (Sprint II: "The Violet Keep of Menkaure").
             The game lasted 00:02:19 (346 turns).

TheOrbIsALie the Destroyer (GrEE)                    Turns: 346, Time: 00:02:20

Health: 0/36       AC:  6    Str: 12    XL:     7   Next: 76%
Magic:  7/18       EV: 12    Int: 17    God:
Gold:   486        SH:  0    Dex: 10    Spells: 18/22 levels left

rFire    . . .     SeeInvis .   i - +0 spear
rCold    . . .     Gourm    .   (no shield)
rNeg     + . .     Faith    .   c - +0 robe
rPois    ∞         Spirit   .   (no helmet)
rElec    +         Reflect  .   (no cloak)
rCorr    .         Harm     .   (no gloves)
MR       .....     NoTele   +   (no boots)
Stlth    ++........             (no amulet)
HPRegen  0.12/turn              (no ring)
MPRegen  0.16/turn              (no ring)

@: no status effects
A: negative energy resistance 1, electricity resistance, unbreathing,
petrification resistance, rot immunity, AC +4
a: no special abilities


You were in the Dungeon.
You were not hungry.

You visited 1 branch You collected 486 gold pieces.

Inventory:

Hand Weapons
 i - a +0 spear (weapon)
Armour
 c - a +0 robe (worn)
Scrolls
 j - a scroll of blinking
Potions
 e - a potion of curing
 f - a potion of heal wounds
 g - a potion of haste
 h - a potion of magic
Comestibles
 a - 2 chunks of flesh
 d - a ration


   Skills:
 - Level 1.5 Dodging
 - Level 2.1 Stealth
 + Level 8.0 Spellcasting
 - Level 12.5 Conjurations
   Level 0.7 Transmutations
 - Level 10.0 Earth Magic


You had 18 spell levels left.
You knew the following spells:

 Your Spells              Type           Power        Failure   Level  Hunger
a - Sandblast             Erth           #####.       1%          1    None
b - Stone Arrow           Conj/Erth      #####.       1%          3    #......

Your spell library contained the following spells:

 Spells                   Type           Power        Failure   Level  Hunger
 Passwall                 Tmut/Erth      ####....     1%          2    None
 Lee's Rapid Deconstruct  Erth           #####.....   4%          5    #####..
 Petrify                  Tmut/Erth      ####....     12%         4    ###....


Dungeon Overview and Level Annotations

Branches:
Dungeon (1/1)

Altars:


Innate Abilities, Weirdness & Mutations

You are resistant to torment.
Your stone body is resilient. (AC +4)
You are immune to poison.
You resist negative energy. (rN+)
You are resistant to electric shocks. (rElec)
You can survive without breathing.
You are immune to petrification.
You are immune to rotting.


Message History

The hippogriff bites you. The hippogriff misses you. The hippogriff claws you.
Casting: Stone Arrow (safe; 1% risk of failure)
Confirm with . or Enter, or press ? or * to list all spells.
Aiming: Stone Arrow (safe; 1% risk of failure)
Press: ? - help, Shift-Dir - straight line, f/p - hippogriff
Aim: a hippogriff (heavily wounded)
The stone arrow hits the hippogriff.
The hippogriff is almost dead.
The hippogriff closely misses you. The hippogriff pecks you.
The hippogriff claws you!
* * * LOW HITPOINT WARNING * * *
Casting: Stone Arrow (safe; 1% risk of failure)
Confirm with . or Enter, or press ? or * to list all spells.
Aiming: Stone Arrow (safe; 1% risk of failure)
Press: ? - help, Shift-Dir - straight line, f/p - hippogriff
Aim: a hippogriff (almost dead)
The stone arrow hits the hippogriff.
The hippogriff is almost dead.
The hippogriff bites you!
You die...

## ## .# #. #
.#H ## ##.
#H# .##
#...##@###..#
#†.<.'.#
#...##.###..#
##. ##'## .##
# ##..†####
#..#÷.#
##...## ##+##


You could see 2 hippogriffs.

Vanquished Creatures
  A merfolk siren (D)
  4 necrophages (D)
  4 worker ants (D)
9 creatures vanquished.

Vanquished Creatures (others)
  A crocodile (D)
1 creature vanquished.

Grand Total: 10 creatures vanquished

Notes
Turn   | Place    | Note
-------+----------+-------------------------------------------
     0 | D        | TheOrbIsALie the Gargoyle Earth Elementalist began the
                  | quest for the Orb.
     0 | D        | Reached XP level 1. HP: 10/10 MP: 3/3
     1 | D        | Noticed a hippogriff
     1 | D        | Noticed a hippogriff
     4 | D        | Noticed a worker ant
     4 | D        | Noticed a worker ant
     5 | D        | Noticed a worker ant
    18 | D        | Killed a worker ant
    18 | D        | Reached XP level 2. HP: 13/15 MP: 0/5
    20 | D        | Reached XP level 3. HP: 17/19 MP: 0/6
    22 | D        | Reached skill level 10 in Earth Magic
    22 | D        | Reached XP level 4. HP: 22/24 MP: 1/7
    35 | D        | Killed a crocodile
    66 | D        | Learned a level 3 spell: Stone Arrow
   129 | D        | Reached skill level 3 in Conjurations
   149 | D        | Noticed a merfolk siren
   160 | D        | Killed a merfolk siren
   160 | D        | Reached skill level 12 in Conjurations
   160 | D        | Reached XP level 5. HP: 28/28 MP: 4/8
   160 | D        | Reached XP level 6. HP: 32/32 MP: 4/9
   199 | D        | Noticed a necrophage
   199 | D        | Noticed a necrophage
   199 | D        | Noticed a necrophage
   199 | D        | Noticed a necrophage
   202 | D        | Killed a necrophage
   202 | D        | Reached XP level 7. HP: 36/36 MP: 6/13
   204 | D        | Reached skill level 5 in Spellcasting
   346 | D        | Slain by a hippogriff

Vault maps used:
D:        the_violet_keep_of_menkaure

Skill      XL: |  1  2  3  4  5  6  7 |
---------------+----------------------+-----
Earth Magic    | 7 9 10 | 10.0
Conjurations   | 12 | 12.5
Spellcasting   | 4 8 |  8.0
Dodging        | |  1.5
Stealth        | |  2.1
Transmutations | |  0.7

Action                   |  1- 3 |  4- 6 |  7- 9 || total
-------------------------+-------+-------+-------++-------
Melee: Unarmed           |    13 |       |       ||    13
       Spear             |       |       |     8 ||     8
 Cast: Sandblast         |     2 |    14 |    14 ||    30
       Stone Arrow       |       |       |     3 ||     3
  Use: Potion            |     1 |     1 |       ||     2
Armor: Robe              |     2 |     1 |     8 ||    11
Dodge: Dodged            |     8 |     1 |    13 ||    22

Table legend:
 A = Non-vault XP
 B = Vault XP
 C = Vault XP percentage of total XP
 D = Non-vault monster count
 E = Vault monster count
 F = Vault count percentage of total count
                 A         B        C        D         E       F
            +---------+---------+-------+---------+---------+-------
      Total |       0 |    1062 | 100.0 |       0 |       9 | 100.0
            +---------+---------+-------+---------+---------+-------
          D |       0 |    1062 | 100.0 |       0 |       9 | 100.0
            +---------+---------+-------+---------+---------+-------
